 Seeded DCSS version 0.29.1-15-g9cfb28693d (webtiles) character file.

Game seed: 16245865983455551772 (custom seed)

1 Atreus the Cutter (level 1, 14/14 HPs)
             Began as a Kobold Berserker on Mar 8, 2023.
             Was a Follower of Trog.
             Quit the game on level 1 of the Dungeon.
             The game lasted 00:00:59 (64 turns).

Atreus the Cutter (Kobold Berserker)                  Turns: 64, Time: 00:01:00

Health: 14/14      AC:  2    Str: 14    XL:     1   Next: 22%
Magic:  1/1        EV: 14    Int:  8    God:    Trog [*.....]
Gold:   0          SH: 11    Dex: 14    Spells: 0/0 levels left

rFire   . . .      SeeInvis .   a - +0 short sword
rCold   + + +      Faith    .   c - +7 buckler of Zistuer {rC++ Will+}
rNeg    . . .      Spirit   .   b - +0 animal skin
rPois   .          Reflect  .   (no helmet)
rElec   .          Harm     .   (no cloak)
rCorr   +          Rampage  .   (no gloves)
Will    +....                   (no boots)
Stlth   +++.......              e - amulet of Ograuluxt {rC+ Regen+ rCorr Stlth+}
HPRegen 0.84/turn               (no ring)
MPRegen 0.07/turn               (no ring)

@: no status effects
A: small, no large weapons, nightstalker 3
a: Renounce Religion, Berserk


You were on level 1 of the Dungeon.
You worshipped Trog.
Trog was aware of your devotion.
You visited 1 branch of the dungeon, and saw 1 of its levels.

Inventory:

Hand Weapons
 a - a +0 short sword (weapon)
Armour
 b - a +0 animal skin (worn)
 c - the +7 buckler of Zistuer (worn) {rC++ Will+}
   (You acquired it on level 1 of the Dungeon)

   rC:        It greatly protects you from cold.
   Will:      It increases your willpower.
Jewellery
 d - the amulet "Zeicliow" {Spirit Fly rPois rC+}
   (You acquired it on level 1 of the Dungeon)

   [amulet of guardian spirit]

   It causes incoming damage to be divided between your reserves of health and
   magic.
   rC:        It protects you from cold.
   rPois:     It protects you from poison.
   Fly:       It grants you flight.
 e - the amulet of Ograuluxt (around neck) {rC+ Regen+ rCorr Stlth+}
   (You acquired it on level 1 of the Dungeon)

   [amulet of regeneration]

   rC:        It protects you from cold.
   Regen:     It increases your rate of health regeneration.
   rCorr:     It protects you from acid and corrosion.
   Stlth:     It makes you more stealthy.


   Skills:
 - Level 3.2 Fighting
 - Level 4.1 Short Blades
 - Level 1.5 Armour
 - Level 2.4 Dodging


You couldn't memorise any spells.
You didn't know any spells.
Your spell library was empty.

Dungeon Overview and Level Annotations

Branches:
Dungeon (1/15)

Altars:


Innate Abilities, Weirdness & Mutations

You are small and have problems with some larger weapons.
You are completely attuned to the shadows.


Message History

Found a staircase leading out of the dungeon.
Found two escape hatches in the floor.
Found a dagger.
You see here a +0 dagger.
An endoplasm comes into view.
Found 3 scrolls labelled WAC GOIFOFITOUPLEC.
The helpless endoplasm fails to defend itself.
You puncture the endoplasm!
You kill the endoplasm!
Trog accepts your kill.
c - 3 scrolls labelled WAC GOIFOFITOUPLEC This is a scroll of acquirement!
Something appears at your feet! Something appears at your feet!
Something appears at your feet!
c - the +7 buckler of Zistuer {rC++ Will+}
d - the amulet "Zeicliow" {Spirit Fly rPois rC+}
e - the amulet of Ograuluxt {rC+ Regen+ rCorr Stlth+} You start putting on your armour.
You continue putting on the +7 buckler of Zistuer {rC++ Will+}. x4
You finish putting on the +7 buckler of Zistuer {rC++ Will+}.
You start putting on your amulet.
You continue putting on the amulet of Ograuluxt {rC+ Regen+ rCorr Stlth+}. x5
You finish putting on the amulet of Ograuluxt {rC+ Regen+ rCorr Stlth+}.
The amulet of Ograuluxt throbs as it attunes itself to your uninjured body.
e - the amulet of Ograuluxt (around neck) {rC+ Regen+ rCorr Stlth+} Saving game... please wait.
Welcome back, Atreus the Kobold Berserker.
Game seed: 16245865983455551772 (custom seed) Trog says: Kill them all!
Press ? for a list of commands and other information.
Saving game... please wait.
Welcome back, Atreus the Kobold Berserker.
Game seed: 16245865983455551772 (custom seed) Trog says: Kill them all!
Press ? for a list of commands and other information.
Are you sure you want to abandon this character and quit the game? (Confirm with "yes".)
Okay, then.
Unknown command.
Are you sure you want to abandon this character and quit the game? (Confirm with "yes".)

#.
######..
#.......
....#@.#..
#...#..#
...###.##
... #..#
##.## #..#
##.## .. .
#..#...
...#..#...


There were no monsters in sight!

Vanquished Creatures
  An endoplasm (D:1)
1 creature vanquished.

Notes
Turn   | Place    | Note
-------+----------+-------------------------------------------
     0 | D:1      | Atreus the Kobold Berserker began the quest for the Orb.
     0 | D:1      | Reached XP level 1. HP: 14/14 MP: 1/1
    49 | D:1      | Identified 3 scrolls of acquirement
    49 | D:1      | Acquired the amulet "Zeicliow" {Spirit Fly rPois rC+}
    50 | D:1      | Acquired the amulet of Ograuluxt {rC+ Regen+ rCorr Stlth+}
    51 | D:1      | Acquired the +7 buckler of Zistuer {rC++ Will+}
    64 | D:1      | Quit the game

Illustrated notes

Levels and vault maps discovered:
D:1:      minmay_arrival_hallway, layout_loops_corners, basic_ecumenical_altar,
          minmay_unequal

Action                   || total
-------------------------++-------
Melee: Short sword       ||     1
  Use: Scroll            ||     3
 Stab: Sleeping          ||     1
